 Seeded DCSS version 0.27.1-2-g3b301248ec (webtiles) character file.

Game seed: 6258058316398713103 (custom seed)

3809 a11behringer the Basher (level 9, 0/74 HPs)
             Began as a Minotaur Fighter on Sept 23, 2021.
             Was an Initiate of Gozag.
             Slain by a yak (10 damage)
             ... on level 11 of the Dungeon.
             The game lasted 00:39:02 (7743 turns).

a11behringer the Basher (Minotaur Fighter)          Turns: 7743, Time: 00:39:03

Health: 0/74       AC: 23    Str: 22    XL:     9   Next: 96%
Magic:  8/8        EV:  6    Int:  5    God:    Gozag
Gold:   774        SH:  7    Dex: 15    Spells: 8/8 levels left

rFire    + . .     SeeInvis .   y - +5 mace of the Thing {holy, Dex+3}
rCold    . . .     Faith    .   H - +2 buckler
rNeg     . . .     Spirit   .   p - +3 plate armour {rF+}
rPois    .         Reflect  .   m - +2 hat
rElec    .         Harm     .   (no cloak)
rCorr    +         Rampage  .   q - +1 pair of gloves
Will     .....                  (no boots)
Stlth    ..........             (no amulet)
HPRegen  0.22/turn              t - +4 ring of protection
MPRegen  0.11/turn              f - ring of resist corrosion

@: gold aura
A: horns 2, retaliatory headbutt
a: Renounce Religion, Potion Petition, Call Merchant, Bribe Branch


You were on level 11 of the Dungeon.
You worshipped Gozag.
Gozag was pleased with you.
You visited 2 branches of the dungeon, and saw 11 of its levels.

You collected 2916 gold pieces.
You spent 744 gold pieces at shops.
You paid 1398 gold pieces to Gozag.

Inventory:

Hand Weapons
 a - a +0 flail
 d - a +3 dire flail
 l - a +0 morningstar
 w - a +1 hand crossbow
 y - the +5 mace of the Thing (weapon) {holy, Dex+3}
   (You bought it in a shop on level 3 of the Dungeon)

   It has been blessed by the Shining One to cause great damage to the undead
   and demons.
   Dex:       It affects your dexterity (+3).
 B - a +3 dire flail
 F - a +1 morningstar
 K - a +1 eveningstar of venom
Missiles
 v - 113 bolts
Armour
 b - a +0 scale mail
 c - a +0 kite shield
 k - a +0 tower shield
 m - a +2 hat (worn)
 p - a +3 plate armour of fire resistance (worn)
 q - a +1 pair of gloves (worn)
 r - a +0 chain mail
 H - a +2 buckler (worn)
Jewellery
 f - a ring of resist corrosion (right hand)
 h - a ring of see invisible
 t - a +4 ring of protection (left hand)
 A - an amulet of the acrobat
 D - a +6 ring of intelligence
Wands
 i - a wand of flame (44)
 E - a wand of mindburst (25)
 J - a wand of charming (3)
Scrolls
 e - a scroll of enchant weapon
 o - 2 scrolls of amnesia
 u - a scroll of teleportation
 G - a scroll of blinking {unknown}
 I - a scroll of magic mapping
Potions
 g - 2 potions of brilliance {unknown}
 j - a potion of might
 n - 3 potions of heal wounds
 s - a potion of curing
 x - a potion of invisibility {unknown}
 z - a potion of attraction
 C - a potion of degeneration {unknown}


   Skills:
 + Level 5.1 Fighting
 - Level 14.5 Maces & Flails
 * Level 3.2 Crossbows
 + Level 5.7 Armour
 + Level 5.1 Shields


You had 8 spell levels left.
You didn't know any spells.
Your spell library contained the following spells:

 Spells                   Type           Power      Damage    Failure   Level
 Foxfire                  Conj/Fire      0%         2x1d4     100%        1
 Magic Dart               Conj           0%         1d3       100%        1
 Pain                     Necr           0%         1d4       100%        1
 Call Imp                 Summ           0%         N/A       100%        2
 Conjure Flame            Conj/Fire      0%         6-21      100%        3
 Gell's Gravitas          Tloc           0%         N/A       100%        3
 Inner Flame              Hex/Fire       0%         N/A       100%        3
 Lesser Beckoning         Tloc           0%         N/A       100%        3
 Mephitic Cloud           Conj/Pois/Air  0%         N/A       100%        3
 Teleport Other           Tloc           0%         N/A       100%        3
 Olgreb's Toxic Radiance  Pois           0%         N/A       100%        4
 Agony                    Necr           0%         N/A       100%        5
 Excruciating Wounds      Necr           0%         N/A       100%        5
 Dispersal                Tloc           0%         N/A       100%        6
 Ozocubu's Refrigeration  Ice            0%         4d5       100%        7
 Disjunction              Tloc           0%         N/A       100%        8
 Ignition                 Fire           0%         3d3       100%        8


Dungeon Overview and Level Annotations

Branches:
Dungeon (9/15)             Temple (1/1) D:7            Lair (0/6) D:8
    Orc: D:9-12

Altars:
Ashenzari
Dithmenos
Elyvilon
Fedhas
Gozag
Hepliaklqana
Kikubaaqudgha
Makhleb
Nemelex Xobeh
Okawaru
Qazlal
Ru
Sif Muna
Trog
Uskayaw
Vehumet
Wu Jian
Xom
Yredelemnul
Zin
The Shining One

Shops:
D:3 (   D:4 [

Portals:
Trove: D:11 (show slimy rune of Zot)


Innate Abilities, Weirdness & Mutations

You have a pair of horns on your head.
You reflexively headbutt those who attack you in melee.


Message History

You hit the yak.
The yak is almost dead.
The yak closely misses you. You furiously retaliate!
You headbutt the yak, but do no damage.
Your plate armour prevents you from hitting the yak.
The yak is almost dead.
You barely miss the yak.
The yak is almost dead.
The yak barely misses you.
You barely miss the yak.
The yak is almost dead.
The yak gores you!
You hit the yak but do no damage. Your headbutt misses the yak.
The yak is almost dead.
You block the yak's attack.
You hit the yak. You headbutt the yak.
You kill the yak!
You block the yak's attack. The yak gores you but does no damage.
The manticore bites you!
The manticore claws you but does no damage. x2
You see here 11 gold pieces.
You hit the manticore. Your headbutt misses the manticore.
The manticore is lightly wounded.
The yak gores you. You block the yak's attack. The manticore bites you!
* * * LOW HITPOINT WARNING * * *
The manticore barely misses you.
The manticore claws you but does no damage.
You sock the manticore!
The manticore is moderately wounded.
The yak gores you but does no damage. The yak gores you.
* * * LOW HITPOINT WARNING * * *
The manticore bites you but does no damage.
You block the manticore's attack. The manticore claws you.
* * * LOW HITPOINT WARNING * * *
You sock the manticore!
You headbutt the manticore, but do no damage.
The manticore is heavily wounded.
The yak gores you!
You die...
Your body crumbles into a pile of gold.

##.# # #..# #. #.##
##.#### #.# ## .......
#.# ##. ...:...
#######.####.. .(.....
#............#
......Y####.#####.######
......H@....# #..#
......Y###### #.##
.###### #.# #.# #.# ..#
+##


You could see a manticore and 2 yaks.

Vanquished Creatures
  An ugly thing (D:11)
  A shadow (D:11)
  A wyvern (D:8)
  A yak (D:11)
  3 steam dragons
  4 water moccasins
  An acid dragon (D:11)
  4 sky beasts
  A necrophage (D:5)
  An ogre (D:4)
  A phantom (D:6)
  2 kobold brigands
  A bullfrog (D:6)
  A scorpion (D:7)
  A wyvern skeleton (D:7)
  A howler monkey (D:8)
  12 wights
  A bullfrog zombie (D:6)
  A jelly (D:7)
  2 orc priests (D:4)
  4 hounds
  3 iguanas
  2 orc wizards
  A hound zombie (D:5)
  A hound skeleton (D:5)
  A howler monkey skeleton (D:6)
  3 gnolls (D:6)
  7 adders
  2 shadow imps
  2 ufetubi (D:5)
  5 worms
  A dart slug (D:4)
  19 orcs
  2 ball pythons
  7 endoplasms
  A giant cockroach (D:2)
  3 goblins
  4 hobgoblins
  2 jackals (D:5)
  3 quokkas
  2 bats
  4 frilled lizards
  18 kobolds
  8 rats
146 creatures vanquished.

Notes
Turn   | Place    | Note
-------+----------+-------------------------------------------
     0 | D:1      | a11behringer the Minotaur Fighter began the quest for the
                  | Orb.
     0 | D:1      | Reached XP level 1. HP: 19/19 MP: 0/0
   116 | D:1      | Reached skill level 3 in Maces & Flails
   118 | D:1      | Found a faded altar of an unknown god.
   297 | D:1      | Identified a scroll of acquirement
   297 | D:1      | Acquired 596 gold pieces
   344 | D:1      | Reached XP level 2. HP: 26/26 MP: 1/1
   578 | D:1      | Reached skill level 4 in Maces & Flails
  1130 | D:2      | Reached XP level 3. HP: 30/31 MP: 2/2
  1237 | D:2      | Acquired 1002 gold pieces
  1374 | D:4      | Found an iron altar of Okawaru.
  1383 | D:4      | Reached skill level 5 in Maces & Flails
  1383 | D:4      | Reached XP level 4. HP: 36/39 MP: 3/3
  1393 | D:5      | Entered Level 5 of the Dungeon
  1497 | D:6      | Noticed a phantom
  1507 | D:6      | Killed a phantom
  1508 | D:6      | Reached skill level 6 in Maces & Flails
  1508 | D:6      | Reached XP level 5. HP: 36/45 MP: 4/4
  1518 | D:6      | Reached skill level 7 in Maces & Flails
  1584 | D:6      | Reached XP level 6. HP: 26/51 MP: 5/5
  1587 | D:6      | Reached skill level 8 in Maces & Flails
  2052 | D:6      | Reached skill level 9 in Maces & Flails
  2133 | D:6      | Reached XP level 7. HP: 50/57 MP: 6/6
  2365 | D:6      | Reached skill level 10 in Maces & Flails
  2615 | D:7      | Noticed a steam dragon
  2628 | D:7      | Killed a steam dragon
  2629 | D:7      | Reached skill level 11 in Maces & Flails
  2629 | D:7      | Reached XP level 8. HP: 10/64 MP: 7/7
  3042 | D:7      | Found a staircase to the Ecumenical Temple.
  3050 | Temple   | Entered the Ecumenical Temple
  3058 | Temple   | Became a worshipper of Gozag Ym Sagoz the Greedy
  3273 | D:3      | Reached skill level 12 in Maces & Flails
  3290 | D:3      | Bought a shimmering mace for 184 gold pieces
  3290 | D:3      | Identified the +5 mace of the Thing {holy, Dex+3} (You
                  | bought it in a shop on level 3 of the Dungeon)
  3478 | D:2      | Found a blossoming altar of Fedhas.
  4313 | D:4      | Bought a +2 plate armour of fire resistance for 560 gold
                  | pieces
  5495 | D:7      | Found a shadowy altar of Dithmenos.
  5641 | D:7      | Found a glowing silver altar of Zin.
  5644 | D:7      | Reached skill level 13 in Maces & Flails
  6166 | D:8      | Found a staircase to the Lair.
  6184 | D:8      | Reached XP level 9. HP: 53/70 MP: 8/8
  6213 | D:8      | Reached skill level 14 in Maces & Flails
  6806 | D:8      | Identified the +2 chain mail of Kapnozaff {rF+ Will-
                  | Slay+2}
  6993 | D:8      | Acquired a +0 eveningstar of venom
  7051 | D:9      | Reached skill level 1 in Crossbows
  7277 | D:9      | You fall into a shaft and drop 2 floors!
  7277 | D:11     | Noticed a cyan ugly thing
  7285 | D:11     | Killed a cyan ugly thing
  7286 | D:11     | Reached skill level 5 in Armour
  7445 | D:11     | Found a portal to a secret trove of treasure.
  7477 | D:11     | Reached skill level 5 in Shields
  7549 | D:11     | Reached skill level 5 in Fighting
  7719 | D:11     | Noticed a manticore
  7743 | D:11     | Slain by a yak

Illustrated notes

Levels and vault maps discovered:
D:1:      sevenhm_arrival_forest_fort_large_2, layout_rooms,
          ebering_ecumenical_altar_sacrificial
D:2:      layout_rooms, basic_altar, minmay_misc_feat_encased,
          grunt_ministairs_2
D:3:      layout_rooms
D:4:      layout_rooms, okawaru_trees_1
D:5:      layout_cave_pools, kennysheep_another_room, st_stairs_7
D:6:      layout_loops_ring
D:7:      layout_layer_cave, mainiacjoe_overflow_tiny_flanked, zin_academy,
          minmay_temple_entry_glassed_door
D:8:      layout_loops_ring, lair_entry_dummy, hangedman_misty_isle
D:9:      layout_cave_pools, cheibriados_altar_1, uniq_harold, uniq_grum
D:11:     layout_roguey, enter_trove_6, hangedman_incinerator
Temple:   nicolae_temple_no_exploring_needed

Skill      XL: |  1  2  3  4  5  6  7  8  9 |
---------------+----------------------------+-----
Maces & Flails | 3 4 5 6 7 9 11 13 14 | 14.5
Crossbows      | 3 |  3.2
Armour         | 5 |  5.7
Fighting       | 5 |  5.1
Shields        | 5 |  5.1

Action                   |  1- 3 |  4- 6 |  7- 9 || total
-------------------------+-------+-------+-------++-------
Melee: Flail             |    70 |   107 |    90 ||   267
       Headbutt          |     8 |    21 |    50 ||    79
       Mace              |       |       |   220 ||   220
Invok: Call Merchant     |       |       |     2 ||     2
  Use: Scroll            |     5 |     1 |    12 ||    18
       Potion            |       |     2 |     4 ||     6
Armor: Scale mail        |    24 |       |       ||    24
       Chain mail        |     5 |    56 |    71 ||   132
       Plate armour      |       |       |    70 ||    70
Dodge: Dodged            |    24 |    18 |    44 ||    86
Block: Kite shield       |    30 |    57 |    98 ||   185
       Buckler           |       |       |    32 ||    32
